 Dungeon Crawl Stone Soup version 0.27.1-33-g824d729ab1 (webtiles) character file.

Game seed: 9483127205408507875

105 vidrik the Chopper (level 4, 0/39 HPs)
             Began as a Hill Orc Fighter on Nov 29, 2021.
             Slain by a gnoll (5 damage)
             ... on level 2 of the Dungeon.
             The game lasted 00:11:35 (1675 turns).

vidrik the Chopper (Hill Orc Fighter)               Turns: 1675, Time: 00:11:36

Health: 0/39       AC:  6    Str: 19    XL:     4   Next: 81%
Magic:  4/4        EV:  7    Int:  8    God:
Gold:   54         SH:  9    Dex: 10    Spells: 3/3 levels left

rFire    . . .     SeeInvis .   a - +0 war axe
rCold    . . .     Faith    .   c - +0 kite shield
rNeg     . . .     Spirit   .   b - +0 scale mail
rPois    .         Reflect  .   (no helmet)
rElec    .         Harm     .   (no cloak)
rCorr    .         Rampage  .   (no gloves)
Will     .....                  (no boots)
Stlth    ..........             (no amulet)
HPRegen  0.13/turn              (no ring)
MPRegen  0.09/turn              (no ring)

@: no status effects
A: no striking features
a: no special abilities


You were on level 2 of the Dungeon.
You visited 1 branch of the dungeon, and saw 3 of its levels.

You collected 54 gold pieces.

Inventory:

Hand Weapons
 a - a +0 war axe (weapon)
 k - a +0 short sword
 o - a +2 short sword of freezing
Missiles
 i - 17 poisoned darts (quivered)
 m - 22 arrows
Armour
 b - a +0 scale mail (worn)
 c - a +0 kite shield (worn)
Scrolls
 e - a scroll of teleportation {unknown}
 f - a scroll of summoning {unknown}
 g - a scroll of fog {unknown}
 h - a scroll of identify {unknown}
 j - a scroll of torment {unknown}
Potions
 d - a potion of might
 l - a potion of berserk rage {unknown}
 n - 3 potions of curing {unknown}
 p - a potion of flight {unknown}
 q - 2 potions of resistance {unknown}


   Skills:
 - Level 3.6 Fighting
 + Level 6.4 Axes
 - Level 3.2 Armour
 - Level 3.2 Shields


You had 3 spell levels left.
You didn't know any spells.
Your spell library was empty.

Dungeon Overview and Level Annotations

Branches:
Dungeon (3/15)

Altars:


Message History

You see here a scorpion corpse.
The kobold hits you with a +0 whip.
You hit the kobold but do no damage. The kobold barely misses you.
You miss the kobold. The kobold barely misses you.
You hit the kobold but do no damage. You block the kobold's attack.
The kobold hits you but does no damage.
You completely miss the kobold. You block the kobold's attack.
You hit the kobold but do no damage. The kobold hits you but does no damage.
You block the kobold's attack.
You hit the kobold.
You kill the kobold!
n - 3 viscous dark potions (gained 2)
Things that are here:
a +0 whip; a kobold corpse 2 gnolls come into view.
The gnoll shouts! x2
A gnoll comes into view. It is wielding a +0 whip.
The gnoll shouts!
The gnoll hits you from afar with a +0 halberd!
The gnoll barely misses you.
You slash the gnoll!
The gnoll is severely wounded.
The gnoll hits you with a +0 halberd! You block the gnoll's attack.
You hit the gnoll.
You kill the gnoll!
You hit the gnoll but do no damage. You block the gnoll's attack.
The gnoll hits you with a +0 flail.
You closely miss the gnoll. The gnoll hits you with a +0 flail.
You hit the gnoll.
The gnoll is moderately wounded.
The gnoll closely misses you.
You hit the gnoll.
The gnoll is moderately wounded.
The gnoll hits you with a +0 flail!
* * * LOW HITPOINT WARNING * * *
The gnoll closely misses you.
You hit the gnoll but do no damage.
The gnoll is moderately wounded.
The gnoll hits you with a +0 flail.
You die...

#....# #....#
#....# #....#
#....# #....#
#....#
#....#########.#.##
#..........@gg....#
##...#########.#..#
#...# #####


You could see 2 gnolls.

Vanquished Creatures
  A scorpion (D:2)
  A gnoll (D:2)
  4 ball pythons
  2 bats (D:1)
  6 endoplasms
  2 giant cockroaches
  4 hobgoblins
  A quokka (D:1)
  A frilled lizard (D:1)
  6 kobolds
  2 rats (D:1)
30 creatures vanquished.

Notes
Turn   | Place    | Note
-------+----------+-------------------------------------------
     0 | D:1      | vidrik the Hill Orc Fighter began the quest for the Orb.
     0 | D:1      | Reached XP level 1. HP: 19/19 MP: 1/1
    35 | D:1      | Reached skill level 3 in Axes
   114 | D:1      | Reached XP level 2. HP: 19/26 MP: 2/2
   576 | D:1      | Reached skill level 4 in Axes
   814 | D:1      | Reached XP level 3. HP: 31/31 MP: 3/3
  1069 | D:2      | You fall into a shaft and drop 1 floor!
  1384 | D:2      | Noticed a scorpion
  1399 | D:2      | Killed a scorpion
  1400 | D:2      | Reached skill level 6 in Axes
  1400 | D:2      | Reached XP level 4. HP: 10/39 MP: 4/4
  1675 | D:2      | Slain by a gnoll

Illustrated notes

Levels and vault maps discovered:
D:1:      lightli_molten_gateway, layout_basic, lemuel_another_geyser
D:2:      layout_basic, kennysheep_pointless_box
D:3:      layout_basic, ebering_ecumenical_altar_hall

Skill      XL: |  1  2  3 |
---------------+----------+-----
Axes           | 3 4 6 |  6.4
Fighting       | |  3.6
Armour         | |  3.2
Shields        | |  3.2

Action                   |  1- 3 |  4- 6 || total
-------------------------+-------+-------++-------
Melee: War axe           |    79 |    13 ||    92
Armor: Scale mail        |    26 |     2 ||    28
Dodge: Dodged            |    21 |     5 ||    26
Block: Kite shield       |    37 |     5 ||    42
